 Dungeon Crawl Stone Soup version 0.29.1-12-g30fa7ad0bf (webtiles) character file.

Game seed: 6757111134069680967

485 xzight the Charlatan (level 7, -2/78 HPs)
             Began as a Gnoll Artificer on Dec 27, 2022.
             Was an Initiate of Gozag.
             Slain by an orc priest
             ... wielding a +0 dagger
              (3 damage)
             ... on level 4 of the Dungeon.
             The game lasted 00:06:55 (4978 turns).

xzight the Charlatan (Gnoll Artificer)              Turns: 4978, Time: 00:06:56

Health: -2/78      AC:  7    Str: 11    XL:     7   Next: 13%
Magic:  10/10      EV:  9    Int: 19    God:    Gozag
Gold:   108        SH:  5    Dex: 12    Spells: 10/10 levels left

rFire   . . .      SeeInvis .   q - +2 short sword (elec)
rCold   . . .      Faith    .   (no shield)
rNeg    . . .      Spirit   .   v - +0 scale mail
rPois   .          Reflect  +   (no helmet)
rElec   .          Harm     .   (no cloak)
rCorr   .          Rampage  .   (no gloves)
Will    .....                   (no boots)
Stlth   ..........              t - amulet of reflection
HPRegen 0.23/turn               I - +6 ring of intelligence
MPRegen 0.12/turn               (no ring)

@: mighty, berserking, very quick
A: fangs 1, strong nose, distributed training
a: Renounce Religion, Potion Petition, Call Merchant, Bribe Branch


You were on level 4 of the Dungeon.
You worshipped Gozag.
Gozag was aware of your devotion.
You visited 1 branch of the dungeon, and saw 4 of its levels.

You collected 143 gold pieces.
You paid 35 gold pieces to Gozag.


Innate Abilities, Weirdness & Mutations

You have very sharp teeth.
Your uncanny sense of smell can sniff out nearby items.
Your experience applies equally to all skills.


   Skills:
 + Level 3.5 Fighting
 + Level 2.3 Short Blades
 + Level 2.3 Long Blades
 + Level 2.3 Axes
 + Level 2.3 Maces & Flails
 + Level 2.3 Polearms
 + Level 2.3 Staves
 + Level 2.3 Ranged Weapons
 + Level 2.3 Throwing
 + Level 5.2 Armour
 + Level 3.5 Dodging
 + Level 3.4 Stealth
 + Level 2.3 Shields
 + Level 2.3 Unarmed Combat
 + Level 2.3 Spellcasting
 + Level 1.9 Conjurations
 + Level 1.9 Hexes
 + Level 1.9 Summonings
 + Level 1.9 Necromancy
 + Level 1.9 Translocations
 + Level 1.9 Transmutations
 + Level 1.9 Fire Magic
 + Level 1.9 Ice Magic
 + Level 1.9 Air Magic
 + Level 1.9 Earth Magic
 + Level 1.9 Poison Magic
 + Level 2.6 Invocations
 + Level 7.0 Evocations


You had 10 spell levels left.
You didn't know any spells.
Your spell library contained the following spells:

 Spells                   Type           Power      Damage    Failure   Level
 Shock                    Conj/Air       36%        1d5       36%         1
 Swiftness                Air            9%         N/A       73%         3
 Airstrike                Air            4%         2d(1-17)  98%         4

Inventory:

Hand Weapons
 k - a +0 dagger
 q - a +2 short sword of electrocution (weapon)
Missiles
 c - a throwing net {=f}
Armour
 v - a +0 scale mail (worn)
Jewellery
 t - an amulet of reflection (around neck)
 I - a +6 ring of intelligence (left hand)
Wands
 d - a wand of charming (13)
 e - a wand of iceblast (3) (quivered)
 p - a wand of roots (9)
Scrolls
 a - a scroll of enchant weapon {unknown}
 f - 2 scrolls of teleportation {unknown}
 i - 6 scrolls of identify {unknown}
 n - 2 scrolls of poison {unknown}
 o - a scroll of silence {unknown}
 u - a scroll of amnesia {unknown}
Potions
 b - a potion of flight {unknown}
 g - a potion of might
 h - a potion of degeneration {unknown}
 j - 2 potions of attraction {unknown}
 l - 3 potions of lignification {unknown}
 m - a potion of berserk rage {!q}
 r - a potion of brilliance {unknown}
 s - a potion of curing {unknown}

Dungeon Overview and Level Annotations

Branches:
Dungeon (4/15)
 Temple: D:4-7

Altars:
Elyvilon
Gozag
Wu Jian

................
..5..J........#
.o...........(#
.oo.h.........#
..##..##o.....# ##.
#o.....#####
#.##.o........##
#..o##...........
###o@................
###................
##...............
#...............
#........##...#
#........##...##
#........#...... #
#....)........# ##8#
#.............#


You could see 2 orc priests.


Message History

* * * LOW HITPOINT WARNING * * *
You barely miss the orc priest.
The orc priest invokes the aid of Beogh against you.
Beogh smites you!
* * * LOW HITPOINT WARNING * * *
The orc priest looks braver for a moment.
An endoplasm comes into view.
The orc barely misses you.
The endoplasm quivers.
You hit the orc but do no damage.
The orc priest hits you with a +0 dagger.
* * * LOW HITPOINT WARNING * * *
The orc closely misses you. The orc attacks as you move away!
The orc hits you with a +0 club.
* * * LOW HITPOINT WARNING * * *
It was a potion of might.
You feel very mighty all of a sudden.
It was a potion of berserk rage.
A red film seems to cover your vision as you go berserk!
You feel yourself moving faster!
You feel mighty!
The orc priest hits you with a +0 dagger.
* * * LOW HITPOINT WARNING * * *
You block the orc priest's attack.
You hit the orc priest.
The orc priest is heavily wounded.
You puncture the orc priest!
The orc priest is almost dead.
The orc priest hits you with a +0 dagger.
You die...
Your body crumbles into a pile of gold.

Skill      XL: |  1  2  3  4  5  6 |
---------------+-------------------+-----
Invocations    | 1 2 |  2.6
Short Blades   | 1 2 |  2.3
Long Blades    | 1 2 |  2.3
Axes           | 1 2 |  2.3
Maces & Flails | 1 2 |  2.3
Polearms       | 1 2 |  2.3
Staves         | 1 2 |  2.3
Ranged Weapons | 1 2 |  2.3
Throwing       | 1 2 |  2.3
Shields        | 1 2 |  2.3
Unarmed Combat | 1 2 |  2.3
Spellcasting   | 1 2 |  2.3
Conjurations   | 1 |  1.9
Hexes          | 1 |  1.9
Summonings     | 1 |  1.9
Necromancy     | 1 |  1.9
Translocations | 1 |  1.9
Transmutations | 1 |  1.9
Fire Magic     | 1 |  1.9
Ice Magic      | 1 |  1.9
Air Magic      | 1 |  1.9
Earth Magic    | 1 |  1.9
Poison Magic   | 1 |  1.9
Fighting       | 3 |  3.5
Dodging        | 3 |  3.5
Stealth        | 3 |  3.4
Armour         | 5 |  5.2
Evocations     | 7 |  7.0

Action                   |  1- 3 |  4- 6 |  7- 9 || total
-------------------------+-------+-------+-------++-------
Melee: Club              |    50 |       |       ||    50
       Bite              |    11 |    20 |     1 ||    32
       Punch             |     2 |     3 |     1 ||     6
       Dagger            |    35 |   142 |       ||   177
       Short sword       |       |    67 |    29 ||    96
Evoke: Wand              |     9 |    10 |       ||    19
  Use: Potion            |       |       |     2 ||     2
 Stab: Sleeping          |     2 |     2 |       ||     4
Armor: Leather armour    |    20 |    34 |       ||    54
       Scale mail        |       |    11 |    12 ||    23
Dodge: Dodged            |    61 |   130 |    10 ||   201
Block: Other             |       |     8 |     6 ||    14
       Reflection        |       |     1 |       ||     1

Levels and vault maps discovered:
D:1:      nicolae_arrival_somewhat_less_tricky_arrival, layout_loops_ring,
          serial_co_window_serial, co_window_paths_a, co_window_corner_a,
          co_window_cross_1, co_window_corner_a, co_window_of_opportunity_a,
          co_window_of_opportunity_a, co_window_corner_a,
          co_window_of_opportunity_b, co_window_unsneaky_path_c,
          co_window_corner_b, co_window_unsneaky_path_a, co_window_corner_b,
          co_window_corner_b, glass_columns_a, glass_columns_a, glass_columns_a,
          glass_columns_a, glass_columns_b
D:2:      layout_basic, hellmonk_ecumenical_altar_leap_of_faith
D:3:      layout_basic, mainiacjoe_overflow_surrounded_room
D:4:      layout_basic, nicolae_overflow_hidden_temple,
          nicolae_gozag_seed_capital, uniq_menkaure, uniq_natasha

Notes
Turn   | Place    | Note
-------+----------+-------------------------------------------
     0 | D:1      | xzight the Gnoll Artificer began the quest for the Orb.
     0 | D:1      | Reached XP level 1. HP: 17/17 MP: 1/1
   216 | D:1      | Reached XP level 2. HP: 11/23 MP: 2/2
  1463 | D:2      | Reached XP level 3. HP: 16/28 MP: 2/4
  1673 | D:2      | HP: 1/28 [gnoll/+0 spear (2)]
  1675 | D:2      | Reached skill level 1 in Invocations
  1817 | D:2      | Reached skill level 1 in Short Blades
  1817 | D:2      | Reached skill level 1 in Long Blades
  1817 | D:2      | Reached skill level 1 in Axes
  1817 | D:2      | Reached skill level 1 in Maces & Flails
  1817 | D:2      | Reached skill level 1 in Polearms
  1817 | D:2      | Reached skill level 1 in Staves
  1817 | D:2      | Reached skill level 1 in Ranged Weapons
  1817 | D:2      | Reached skill level 1 in Throwing
  1817 | D:2      | Reached skill level 1 in Shields
  1817 | D:2      | Reached skill level 1 in Unarmed Combat
  1817 | D:2      | Reached skill level 1 in Spellcasting
  1822 | D:2      | Reached XP level 4. HP: 18/34 MP: 5/5
  2057 | D:2      | HP: 2/34 [worm (9)]
  2126 | D:2      | HP: 2/34 [worm (8)]
  2437 | D:2      | Reached skill level 1 in Conjurations
  2437 | D:2      | Reached skill level 1 in Hexes
  2437 | D:2      | Reached skill level 1 in Summonings
  2437 | D:2      | Reached skill level 1 in Necromancy
  2437 | D:2      | Reached skill level 1 in Translocations
  2437 | D:2      | Reached skill level 1 in Transmutations
  2437 | D:2      | Reached skill level 1 in Fire Magic
  2437 | D:2      | Reached skill level 1 in Ice Magic
  2437 | D:2      | Reached skill level 1 in Air Magic
  2437 | D:2      | Reached skill level 1 in Earth Magic
  2437 | D:2      | Reached skill level 1 in Poison Magic
  2850 | D:2      | Identified the +1 robe of Eternal Night {rN+++ Str+3 Int-3}
  2864 | D:2      | Found a faded altar of an unknown god.
  3095 | D:3      | Identified the +1 trident of Mukouquh {holy, *Corrode rPois
                  | Str+2}
  3612 | D:3      | Reached XP level 5. HP: 13/40 MP: 7/7
  3915 | D:3      | Found a white marble altar of Elyvilon.
  4386 | D:4      | Noticed a phantom
  4390 | D:4      | Killed a phantom
  4391 | D:4      | Reached skill level 3 in Fighting
  4391 | D:4      | Reached skill level 3 in Dodging
  4392 | D:4      | Reached skill level 3 in Stealth
  4392 | D:4      | Reached skill level 2 in Invocations
  4393 | D:4      | Reached XP level 6. HP: 47/47 MP: 8/8
  4398 | D:4      | Noticed Menkaure
  4413 | D:4      | Killed Menkaure
  4414 | D:4      | Reached skill level 2 in Short Blades
  4414 | D:4      | Reached skill level 2 in Long Blades
  4414 | D:4      | Reached skill level 2 in Axes
  4414 | D:4      | Reached skill level 2 in Maces & Flails
  4414 | D:4      | Reached skill level 2 in Polearms
  4414 | D:4      | Reached skill level 2 in Staves
  4414 | D:4      | Reached skill level 2 in Ranged Weapons
  4414 | D:4      | Reached skill level 2 in Throwing
  4414 | D:4      | Reached skill level 5 in Armour
  4414 | D:4      | Reached skill level 2 in Shields
  4414 | D:4      | Reached skill level 2 in Unarmed Combat
  4414 | D:4      | Reached skill level 2 in Spellcasting
  4421 | D:4      | Noticed a black bear
  4451 | D:4      | Killed a black bear
  4631 | D:4      | Reached skill level 7 in Evocations
  4631 | D:4      | Reached XP level 7. HP: 28/52 MP: 10/10
  4814 | D:4      | Found an opulent altar of Gozag.
  4839 | D:4      | Became a worshipper of Gozag Ym Sagoz the Greedy
  4883 | D:4      | Found an ornate altar of the Wu Jian Council.
  4956 | D:4      | Noticed Natasha
  4964 | D:4      | Killed Natasha
  4971 | D:4      | HP: 3/52 [orc priest/+0 dagger (3)]
  4976 | D:4      | HP: 1/78 [orc priest/+0 dagger (4)]
  4978 | D:4      | Slain by an orc priest

Vanquished Creatures
  Menkaure (D:4)
  A black bear (D:4)
  A phantom (D:4)
  An iguana (D:4)
  Natasha (D:4)
  9 gnolls
  2 adders (D:2)
  2 worms
  A dart slug (D:3)
  2 orcs (D:3)
  3 ball pythons
  8 endoplasms
  6 giant cockroaches
  5 goblins
  4 hobgoblins
  11 jackals
  2 quokkas
  7 bats
  7 kobolds
  2 rats
76 creatures vanquished.

Vanquished Creatures (collateral kills)
  A gnoll (D:4)
  A kobold (D:4)
2 creatures vanquished.

Grand Total: 78 creatures vanquished

Table legend: (Time is in decaauts)
 A = Elapsed time spent in this place.
 B = Non-inter-level travel time spent in this place.
 C = Inter-level travel time spent in this place.
 D = Time resting spent in this place.
 E = Time spent auto-exploring this place.
 F = Levels seen in this place.
 G = Mean time per level.
                   A        B        C        D        E       F      G
               +--------+--------+--------+--------+--------+-----+--------+
         Total |   4981 |   4857 |    124 |    818 |   3195 |   4 | 1245.2 |
       Dungeon |   4981 |   4857 |    124 |    818 |   3195 |   4 | 1245.2 |
               +--------+--------+--------+--------+--------+-----+--------+

Top non-repeatable levels by time:
     D:1: 1680 daAuts
     D:2: 1417 daAuts
     D:3: 1293 daAuts
     D:4: 590 daAuts

Table legend:
 A = Non-vault XP
 B = Vault XP
 C = Vault XP percentage of total XP
 D = Non-vault monster count
 E = Vault monster count
 F = Vault count percentage of total count
                 A         B        C        D         E       F
            +---------+---------+-------+---------+---------+-------
      Total |     488 |     205 |  29.6 |      76 |       2 |   2.6
            +---------+---------+-------+---------+---------+-------
        D:1 |      27 |       0 |   0.0 |      15 |       0 |   0.0
        D:2 |     102 |       0 |   0.0 |      23 |       0 |   0.0
        D:3 |      42 |       0 |   0.0 |      19 |       0 |   0.0
        D:4 |     317 |     205 |  39.3 |      19 |       2 |   9.5
            +---------+---------+-------+---------+---------+-------
